 Dungeon Crawl Stone Soup version 0.26-a0-660-gc07710193c (webtiles) character file.

Game seed: 2442446665867371951

436 halkony2012 the Cleaver (level 6, -2/45 HPs)
             Began as a Minotaur Fighter on Oct 7, 2020.
             Was an Initiate of Hepliaklqana.
             Slain by a troll (7 damage)
             ... on level 5 of the Dungeon.
             The game lasted 00:09:50 (3809 turns).

halkony2012 the Cleaver (Minotaur Fighter)          Turns: 3809, Time: 00:09:51

Health: -2/45      AC:  6    Str: 23    XL:     6   Next: 69%
Magic:  5/5        EV:  7    Int:  5    God:    Hepliaklqana [......]
Gold:   163        SH:  9    Dex:  9    Spells: 5/5 levels left

rFire    . . .     SeeInvis .   a - +0 war axe
rCold    . . .     Faith    .   c - +0 kite shield
rNeg     . . .     Spirit   .   b - +0 scale mail
rPois    .         Reflect  .   (helmet restricted)
rElec    .         Harm     .   (no cloak)
rCorr    .         Rampage  .   (no gloves)
MR       .....                  (no boots)
Stlth    ..........             (no amulet)
HPRegen  0.15/turn              (no ring)
MPRegen  0.09/turn              (no ring)

@: no status effects
A: retaliatory headbutt, reduced essence, horns 2
a: Recall Ancestor, Ancestor Identity, Renounce Religion


You were on level 5 of the Dungeon.
You worshipped Hepliaklqana.
Hepliaklqana was noncommittal.
You visited 2 branches of the dungeon, and saw 6 of its levels.

You collected 163 gold pieces.

Inventory:

Hand Weapons
 a - a +0 war axe (weapon)
Missiles
 s - 126 stones (quivered)
Armour
 b - a +0 scale mail (worn)
 c - a +0 kite shield (worn)
Jewellery
 e - an uncursed amulet of regeneration {unknown}
 g - an uncursed amulet of magic regeneration {unknown}
 h - an uncursed ring of magical power {unknown}
 o - an uncursed ring of flight {unknown}
 v - an uncursed ring of resist corrosion {unknown}
Wands
 n - a wand of paralysis (6)
Scrolls
 f - a scroll of teleportation {unknown}
 i - 4 scrolls of identify
 k - 2 scrolls of enchant weapon
 m - 2 scrolls of remove curse {unknown}
 p - 3 scrolls of enchant armour {unknown}
Potions
 d - 3 potions of might
 j - a potion of invisibility {unknown}
 l - a potion of heal wounds {unknown}
 q - a potion of cancellation {unknown}
 r - a potion of ambrosia {unknown}
 t - 2 potions of lignification {unknown}
 w - a potion of magic {unknown}
Miscellaneous
 u - a tin of tremorstones (3/3)


   Skills:
 - Level 3.6 Fighting
 * Level 8.7 Axes
 - Level 3.6 Armour
 + Level 0.1 Stealth
 - Level 3.6 Shields


You had 5 spell levels left.
You didn't know any spells.
Your spell library was empty.

Dungeon Overview and Level Annotations

Branches:
Dungeon (5/15)             Temple (1/1) D:4

Altars:
Ashenzari
Dithmenos
Elyvilon
Gozag
Hepliaklqana
Kikubaaqudgha
Makhleb
Nemelex Xobeh
Qazlal
Ru
Sif Muna
Trog
Vehumet
Wu Jian
Xom


Innate Abilities, Weirdness & Mutations

You reflexively headbutt those who attack you in melee.
You have a pair of horns on your head.
Your life essence is reduced to manifest your ancestor. (-10% HP)


Message History

You swap places.
The troll barely misses Pooptickler.
The troll claws Pooptickler but does no damage.
The troll claws Pooptickler.
Pooptickler hits the troll but does no damage.
The troll bites Pooptickler!
The troll barely misses Pooptickler.
The troll misses Pooptickler.
Pooptickler closely misses the troll.
The troll bites Pooptickler but does no damage.
The troll claws Pooptickler!
Pooptickler is destroyed!
You barely miss the troll. Your headbutt misses the troll. The troll bites you!
The troll barely misses you. You block the troll's attack.
You slash the troll!
The troll is moderately wounded.
The troll bites you! You block the troll's attack. The troll barely misses you.
The troll bites you.
* * * LOW HITPOINT WARNING * * *
The troll claws you!
* * * LOW HITPOINT WARNING * * *
The troll claws you!
You die...

##### #...#########
#...T.<.....#
#.<@#######.# ##.##
#.# #.########T####
########.............#
#...........#####.##.#
..######)##.# #.# #
.........##.# #.#
.........##.# #>#
##.########.# #.#


You could see a troll.

Vanquished Creatures
  A sky beast (D:4)
  An ice beast (D:2)
  A bullfrog zombie (D:5)
  2 hounds (D:4)
  A worker ant (D:4)
  4 adders
  An ooze (D:2)
  2 worms
  6 dart slugs
  A leopard gecko (D:4)
  2 orcs (D:3)
  A ball python (D:2)
  4 giant cockroaches
  11 goblins
  10 hobgoblins
  2 jackals (D:3)
  6 kobolds
  3 quokkas
  11 bats
  5 frilled lizards
  3 rats
78 creatures vanquished.

Vanquished Creatures (others)
  An ancestor (D:5)
1 creature vanquished.

Grand Total: 79 creatures vanquished

Notes
Turn   | Place    | Note
-------+----------+-------------------------------------------
     0 | D:1      | halkony2012 the Minotaur Fighter began the quest for the
                  | Orb.
     0 | D:1      | Reached XP level 1. HP: 19/19 MP: 0/0
    63 | D:1      | Reached skill level 3 in Axes
   169 | D:1      | Reached XP level 2. HP: 26/26 MP: 1/1
   480 | D:1      | Reached skill level 4 in Axes
   716 | D:2      | Reached XP level 3. HP: 31/31 MP: 2/2
  1109 | D:2      | Found an opulent altar of Gozag.
  1110 | D:2      | Reached skill level 5 in Axes
  1114 | D:2      | Reached XP level 4. HP: 39/39 MP: 3/3
  1180 | D:2      | Noticed an ice beast
  1182 | D:2      | Found a stormy altar of Qazlal.
  1192 | D:2      | Killed an ice beast
  1192 | D:2      | Reached skill level 6 in Axes
  1192 | D:2      | Reached XP level 5. HP: 38/45 MP: 4/4
  1441 | D:2      | Found a hazy altar of Hepliaklqana.
  1826 | D:3      | Found a radiant altar of Vehumet.
  1878 | D:3      | Reached skill level 7 in Axes
  2458 | D:4      | Noticed a sky beast
  2465 | D:4      | Killed a sky beast
  2465 | D:4      | Reached skill level 8 in Axes
  2465 | D:4      | Reached XP level 6. HP: 44/51 MP: 5/5
  2917 | D:4      | Found a staircase to the Ecumenical Temple.
  3299 | D:5      | Entered Level 5 of the Dungeon
  3374 | D:5      | Noticed a troll
  3405 | Temple   | Entered the Ecumenical Temple
  3622 | D:2      | Became a worshipper of Hepliaklqana the Forgotten
  3809 | D:5      | Slain by a troll

Illustrated notes

Levels and vault maps discovered:
D:1:      evilmike_arrival_hilbert_curve, layout_loops_ring
D:2:      layout_loops_cross, lemuel_crystal_altar,
          nicolae_overflow_crystal_walls, nicolae_gozag_seed_capital
D:3:      layout_basic, lemuel_coloured_pillars_altar, minivault_5
D:4:      layout_loops_corners
D:5:      layout_loops_ring, lemuel_zombie_altar_yredelemnul,
          lemuel_round_altar, nrook_loot_triangle, serial_bayou_pond_d,
          minmay_joined_circles
Temple:   jpeg_temple_clearing

Skill      XL: |  1  2  3  4  5 |
---------------+----------------+-----
Axes           | 3 4 5 6 8 |  8.7
Fighting       | |  3.6
Armour         | |  3.6
Stealth        | |  0.1
Shields        | |  3.6

Action                   |  1- 3 |  4- 6 || total
-------------------------+-------+-------++-------
Melee: War axe           |    85 |   121 ||   206
       Headbutt          |     7 |    17 ||    24
Invok: Ancestor Identity |       |     1 ||     1
  Use: Scroll            |       |     1 ||     1
Armor: Scale mail        |    34 |    38 ||    72
Dodge: Dodged            |    34 |    29 ||    63
Block: Kite shield       |    40 |    79 ||   119

Table legend: (Time is in decaauts)
 A = Elapsed time spent in this place.
 B = Non-inter-level travel time spent in this place.
 C = Inter-level travel time spent in this place.
 D = Time resting spent in this place.
 E = Time spent auto-exploring this place.
 F = Levels seen in this place.
 G = Mean time per level.
                   A        B        C        D        E       F      G
               +--------+--------+--------+--------+--------+-----+--------+
         Total |   3874 |   3527 |    347 |      0 |   2916 |   6 |  645.7 |
       Dungeon |   3755 |   3417 |    338 |      0 |   2806 |   5 |  751.0 |
        Temple |    119 |    110 |      9 |      0 |    110 |   1 |  119.0 |
               +--------+--------+--------+--------+--------+-----+--------+

Top non-repeatable levels by time:
     D:2: 1120 daAuts
     D:4: 951 daAuts
     D:3: 937 daAuts
     D:1: 651 daAuts
  Temple: 119 daAuts
     D:5: 94 daAuts
